 Dungeon Sprint DCSS version 0.26.1-11-gd32895ea62 (webtiles) character file.

Game seed: 15586941768491977354

145 Zeld the Grappler (level 5, -11/52 HPs)
             Began as a Minotaur Monk on June 6, 2021.
             Mangled by a two-headed ogre
             ... wielding a +0 giant club
              (29 damage)
             ... in the Dungeon (Sprint IX: "|||||||||||||||||||||||||||||").
             The game lasted 00:00:16 (120 turns).

Zeld the Grappler (Minotaur Monk)                    Turns: 120, Time: 00:00:17

Health: -11/52     AC:  2    Str: 16    XL:     5   Next: 6%
Magic:  1/4        EV: 15    Int:  7    God:
Gold:   0          SH:  0    Dex: 13    Spells: 4/4 levels left

rFire    . . .     SeeInvis .     - Unarmed
rCold    . . .     Faith    .   (no shield)
rNeg     . . .     Spirit   .   a - +0 robe
rPois    .         Reflect  .   (helmet restricted)
rElec    .         Harm     .   (no cloak)
rCorr    .         Rampage  .   (no gloves)
Will     .....     NoTele   +   (no boots)
Stlth    ++........             (no amulet)
HPRegen  0.17/turn              (no ring)
MPRegen  0.09/turn              (no ring)

@: no status effects
A: retaliatory headbutt, horns 2
a: no special abilities


You were in the Dungeon.
You visited 1 branch

Inventory:

Armour
 a - a +0 robe (worn)
Jewellery
 l - a +2 ring of protection
 m - a +2 ring of evasion
Wands
 k - a wand of iceblast (10)
Scrolls
 g - 2 scrolls of blinking
 i - 3 scrolls of remove curse
 j - 2 scrolls of amnesia
Potions
 b - 5 potions of curing
 c - 3 potions of heal wounds
 d - a potion of haste
 e - 4 potions of magic
 f - a potion of berserk rage
 h - a potion of invisibility


   Skills:
 + Level 7.5 Fighting
 + Level 6.4 Dodging
 + Level 2.2 Stealth
 + Level 8.0 Unarmed Combat


You had 4 spell levels left.
You didn't know any spells.
Your spell library was empty.

Dungeon Overview and Level Annotations

Branches:
Dungeon (1/1)

Altars:
Cheibriados
Dithmenos
Elyvilon
Fedhas
Gozag
Hepliaklqana
Kikubaaqudgha
Makhleb
Nemelex Xobeh
Okawaru
Qazlal
Ru
Sif Muna
Trog
Uskayaw
Vehumet
Wu Jian
Xom
Yredelemnul
Zin
The Shining One
Beogh
Jiyva
Lugonu


Innate Abilities, Weirdness & Mutations

You reflexively headbutt those who attack you in melee.
You have a pair of horns on your head.


Message History

You hit the eye of draining.
You kill the eye of draining!
Your Fighting skill increases to level 7!
Your Dodging skill increases to level 6!
Your Unarmed Combat skill gained 2 levels and is now at level 8!
You have reached level 4!
You feel agile.
You have reached level 5!
You punch the two-headed ogre!
The two-headed ogre is moderately wounded.
The phantom blinks!
You hit the two-headed ogre.
The two-headed ogre is moderately wounded.
The two-headed ogre hits you with a +0 giant club.
The two-headed ogre misses you.
You hit the two-headed ogre. You headbutt the two-headed ogre.
The two-headed ogre is moderately wounded.
The two-headed ogre hits you with a +0 giant club!!
Ouch! That really hurt!
You die...

▓.▓
▓.▓
▓Z▓
▓W▓
▓s▓
▓o▓
▓O▓
▓@▓
▓.▓
▓[▓
▓[▓
▓[▓
▓.▓
▓)▓
▓.▓
▓.▓


You could see a two-headed ogre, a phantom, an orc warrior, a scorpion and a bat
zombie.

Vanquished Creatures
  An eye of draining (D)
  A hound (D)
  An adder (D)
  A shadow imp (D)
  A dart slug (D)
  An orc (D)
  2 goblins (D)
  A hobgoblin (D)
  A ball python skeleton (D)
  A rat (D)
11 creatures vanquished.

Notes
Turn   | Place    | Note
-------+----------+-------------------------------------------
     0 | D        | Zeld the Minotaur Monk began the quest for the Orb.
     0 | D        | Reached XP level 1. HP: 19/19 MP: 0/0
    12 | D        | Reached skill level 4 in Unarmed Combat
    27 | D        | Noticed a hound
    37 | D        | Reached XP level 2. HP: 14/28 MP: 1/1
    43 | D        | Reached skill level 5 in Fighting
    52 | D        | Reached skill level 5 in Dodging
    52 | D        | Reached skill level 5 in Unarmed Combat
    52 | D        | Reached XP level 3. HP: 8/37 MP: 2/2
    53 | D        | Reached skill level 6 in Unarmed Combat
    60 | D        | Found a roughly hewn altar of Beogh.
    60 | D        | Found a snail-covered altar of Cheibriados.
    60 | D        | Found a shadowy altar of Dithmenos.
    60 | D        | Found a white marble altar of Elyvilon.
    60 | D        | Found a blossoming altar of Fedhas.
    60 | D        | Found an opulent altar of Gozag.
    61 | D        | Found a hazy altar of Hepliaklqana.
    62 | D        | Found a viscous altar of Jiyva.
    63 | D        | Found an ancient bone altar of Kikubaaqudgha.
    64 | D        | Found a corrupted altar of Lugonu.
    65 | D        | Found a burning altar of Makhleb.
    66 | D        | Found a sparkling altar of Nemelex Xobeh.
    67 | D        | Found an iron altar of Okawaru.
    68 | D        | Found a stormy altar of Qazlal.
    69 | D        | Found a sacrificial altar of Ru.
    70 | D        | Found a shimmering blue altar of Sif Muna.
    71 | D        | Found a bloodstained altar of Trog.
    72 | D        | Found a hide-covered altar of Uskayaw.
    73 | D        | Found a radiant altar of Vehumet.
    74 | D        | Found an ornate altar of the Wu Jian Council.
    75 | D        | Found a shimmering altar of Xom.
    76 | D        | Found a basalt altar of Yredelemnul.
    77 | D        | Found a glowing silver altar of Zin.
    78 | D        | Found a glowing golden altar of the Shining One.
   102 | D        | Noticed a scorpion
   102 | D        | Noticed an orc warrior
   102 | D        | Noticed a phantom
   102 | D        | Noticed a two-headed ogre
   102 | D        | Noticed an eye of draining
   117 | D        | Killed an eye of draining
   118 | D        | Reached skill level 8 in Unarmed Combat
   118 | D        | Reached XP level 4. HP: 20/47 MP: 1/3
   118 | D        | Reached XP level 5. HP: 22/52 MP: 1/4
   120 | D        | Mangled by a two-headed ogre

Illustrated notes

Levels and vault maps discovered:
D:        linesprint [early_d, line_temple, items_1, d_10, items_2, lair_1,
          lair_end, items_3, orc_1, orc_end, items_4, d_15, swamp_1, shoals_1,
          snake_1, spider_1, d_20, vaults_1, items_5, swamp_end, shoals_end,
          snake_end, spider_end, vaults_end, d_27, items_6, zot_1, zot_end,
          crypt_end, forest_end, elf_end, slime_end, tomb_end, abyss_end,
          pan_hell_end]

Skill      XL: |  1  2  3 |
---------------+----------+-----
Fighting       | 4 5 7 |  7.5
Unarmed Combat | 4 5 8 |  8.0
Dodging        | 4 5 6 |  6.4
Stealth        | 2 |  2.2

Action                   |  1- 3 |  4- 6 || total
-------------------------+-------+-------++-------
Melee: Unarmed           |    58 |     3 ||    61
       Punch             |     2 |       ||     2
       Headbutt          |     8 |     1 ||     9
Armor: Robe              |     2 |       ||     2
Dodge: Dodged            |    25 |     1 ||    26
